 Dungeon Crawl Stone Soup version 0.22.1-1-ga44c0e56f4 (webtiles) character file.

95148 D1HalberdGnoll the Thaumaturge (level 15, -7/98 HPs)
             Began as a Deep Elf Conjurer on Nov 12, 2018.
             Was the Champion of Dithmenos.
             Killed by the raging water
             ... invoked by a water nymph
              (30 damage)
             ... on level 2 of the Shoals.
             The game lasted 02:04:43 (48603 turns).

D1HalberdGnoll the Thaumaturge (Deep Elf Conjurer) Turns: 48603, Time: 02:04:43

Health: -7/98      AC: 14    Str:  8 (10) XL:     15   Next: 65%
Magic:  0/35       EV: 15    Int: 24 (25) God:    Dithmenos [******]
Gold:   1134       SH:  5    Dex: 13 (15) Spells: 12/43 levels left

rFire    + . .     SeeInvis .   Q - staff of energy
rCold    + + .     Gourm    .   q - +0 buckler
rNeg     + . .     Faith    .   B - +2 ring mail "Toupocaa" {rF+ Str+3}
rPois    +         Spirit   .   e - +2 hat
rElec    .         Reflect  .   U - +0 cloak (curse)
rCorr    .         Harm     .   I - +0 pair of gloves
MR       ++++.     Clarity  +   n - +0 pair of boots
Stlth    +.........             d - amulet of the Four Winds {rN+ MR+++ Clar}
HPRegen  0.26/turn              w - ring "Lodiej" {rPois rC++ AC+1}
MPRegen  0.24/turn              O - ring of wizardry

@: lethally poisoned (-7 -> -8), wreathed by umbra, very slow
A: no striking features
a: Shadow Step, Shadow Form, Renounce Religion


You were on level 2 of the Shoals.
You worshipped Dithmenos.
Dithmenos was exalted by your worship.
You were hungry.

You visited 5 branches of the dungeon, and saw 26 of its levels.
You also visited: Volcano.

You collected 2943 gold pieces.
You spent 1809 gold pieces at shops.

Inventory:

Missiles
 E - 2 throwing nets (quivered)
Armour
 e - a +2 hat (worn)
 n - a +0 pair of boots (worn)
 q - a +0 buckler (worn)
 B - the +2 ring mail "Toupocaa" (worn) {rF+ Str+3}
   (You found it on level 5 of the Dungeon)

   It affects your strength (+3).
   It protects you from fire.
 I - a +0 pair of gloves (worn)
 U - a cursed +0 cloak (worn)
Magical Staves
 Q - an uncursed staff of energy (weapon)
Jewellery
 d - the amulet of the Four Winds (around neck) {rN+ MR+++ Clar}
   (You bought it in a shop on level 2 of the Orcish Mines)

   [amulet of nothing]

   It protects you from negative energy.
   It affects your resistance to hostile enchantments.
   It protects you against confusion.
 s - an uncursed ring of see invisible
 w - the ring "Lodiej" (left hand) {rPois rC++ AC+1}
   (You bought it in a shop on level 11 of the Dungeon)

   [ring of protection]

   It affects your AC (+1).
   It greatly protects you from cold.
   It protects you from poison.
 D - an uncursed ring of protection from fire
 M - the ring "Giyz Peock" {rC+ Int+9, unknown}
   (You found it on level 2 of the Lair of Beasts)

   [ring of protection from cold]

   It affects your intelligence (+9).
   It protects you from cold.
 O - a ring of wizardry (right hand)
 V - an uncursed ring of resist corrosion
 Y - an uncursed amulet of magic regeneration
Wands
 h - a wand of clouds (9)
 k - a wand of digging (17)
 t - a wand of iceblast (23)
 C - a wand of random effects (52)
 G - a wand of disintegration (16)
 H - a wand of polymorph (7)
 L - a wand of paralysis (27)
 P - a wand of scattershot (2)
 T - a wand of flame (47)
 X - a wand of enslavement (6)
Scrolls
 b - 6 scrolls of remove curse
 j - 8 scrolls of magic mapping
 o - 2 scrolls of amnesia
 y - 2 scrolls of holy word
 F - 2 scrolls of fog
 R - a scroll of silence
Potions
 a - 4 potions of flight
 f - 2 potions of resistance
 g - 3 potions of curing
 l - a potion of haste
 m - a potion of berserk rage {unknown}
 p - 4 potions of lignification
 r - 4 potions of degeneration
 z - 5 potions of brilliance
 J - 5 potions of agility
 K - 3 potions of mutation {unknown}
 N - a potion of invisibility {unknown}
 W - a potion of ambrosia {unknown}
 Z - a potion of might
Comestibles
 c - 29 rations


   Skills:
 + Level 13.1 Fighting
 - Level 5.1 Armour
 + Level 11.4 Dodging
 - Level 2.4 Stealth
 - Level 4.0 Shields
 + Level 14.8 Spellcasting
 - Level 13.0 Conjurations
 - Level 5.0 Hexes
 - Level 8.0 Fire Magic
 - Level 5.0 Air Magic
 * Level 4.2 Poison Magic
 - Level 5.0 Invocations
 - Level 5.0 Evocations


You had 12 spell levels left.
You knew the following spells:

 Your Spells              Type           Power        Failure   Level  Hunger
a - Magic Dart            Conj           ####         1%          1    None
b - Lightning Bolt        Conj/Air       ######....   2%          5    None
c - Dazzling Spray        Conj/Hex       ######       1%          3    None
d - Fireball              Conj/Fire      ######....   1%          5    None
e - Conjure Flame         Conj/Fire      ######..     1%          3    None
f - Sticky Flame          Conj/Fire      ######..     1%          4    None
g - Tukima's Dance        Hex            #####...     1%          3    None
h - Searing Ray           Conj           ######       1%          2    None
i - Olgreb's Toxic Radia  Pois           #####...     6%          4    None
p - Apportation           Tloc           ###...       3%          1    None

Your spell library contained the following spells:

 Spells                   Type           Power        Failure   Level  Hunger
 Corona                   Hex            #####..      1%          1    None
 Flame Tongue             Conj/Fire      #####        1%          1    None
 Shock                    Conj/Air       ####         1%          1    None
 Sting                    Conj/Pois      ####         1%          1    None
 Ensorcelled Hibernation  Hex/Ice        ####..       1%          2    None
 Poisonous Vapours        Pois/Air       #####.       1%          2    None
 Slow                     Hex            #####...     1%          2    None
 Swiftness                Chrm/Air       ####....     1%          2    None
 Throw Flame              Conj/Fire      ######       1%          2    None
 Throw Frost              Conj/Ice       #####.       1%          2    None
 Confuse                  Hex            #####...     1%          3    None
 Inner Flame              Hex/Fire       #####...     1%          3    None
 Mephitic Cloud           Conj/Pois/Air  ######..     1%          3    None
 Static Discharge         Conj/Air       ######..     1%          3    None
 Stone Arrow              Conj/Erth      #####.       1%          3    None
 Fulminant Prism          Conj/Hex       ######....   1%          4    None
 Iskenderun's Mystic Bla  Conj           ######..     1%          4    None
 Force Lance              Conj/Tloc      #####...     2%          4    None
 Throw Icicle             Conj/Ice       #####...     2%          4    None
 Venom Bolt               Conj/Pois      ######....   2%          5    None
 Freeze                   Ice            ###.         3%          1    None
 Sandblast                Erth           ###...       3%          1    None
 Summon Butterflies       Summ           ###.....     3%          1    None
 Airstrike                Air            #####.....   4%          4    None
 Blink                    Tloc           N/A          5%          2    None
 Call Imp                 Summ           ###.....     5%          2    None
 Passwall                 Tmut/Erth      ###.....     5%          2    None
 Lesser Beckoning         Tloc           ###.......   11%         3    None
 Ozocubu's Armour         Chrm/Ice       ###.....     11%         3    None
 Summon Ice Beast         Ice/Summ       ###.....     32%         4    None
 Alistair's Intoxication  Tmut/Pois      ####....     36%         5    None
 Invisibility             Hex            #####...     52%         6    None
 Borgnjor's Vile Clutch   Necr/Erth      ###.......   65%         5    None
 Statue Form              Tmut/Erth      ###......    99%         6    None


Dungeon Overview and Level Annotations

Branches:
Dungeon (15/15)            Temple (1/1) D:7            Lair (6/6) D:9
 Shoals (2/4) Lair:2       Spider (0/4) Lair:2        Slime (0/5) Lair:5
    Orc (2/2) D:9             Elf (0/3) Orc:2        Vaults (0/5) D:13
 Depths (0/5) D:15

Altars:
Ashenzari
Cheibriados
Dithmenos
Elyvilon
Fedhas
Gozag
Hepliaklqana
Kikubaaqudgha
Makhleb
Nemelex Xobeh
Okawaru
Qazlal
Ru
Sif Muna
Trog
Uskayaw
Vehumet
Wu Jian
Xom
Yredelemnul
Zin
The Shining One
Beogh
Jiyva

Shops:
D:6 ?   D:11 =   D:14 =?!=*   Orc:2 %[=(=

Annotations:
D:5 1 runed door, exclusion: 2 downstairs, btonasse's ghost, novice TrCj
D:14 exclusion: downstairs
Lair:1 exclusion: downstairs
Lair:3 exclusion: downstairs
Lair:4 exclusion: 2 oklob plants
Lair:5 exclusion: downstairs
Lair:6 1 runed door, siprus's ghost, journeyman DsAK


Message History

Casting: Magic Dart (safe; 0% risk of failure)
Confirm with . or Enter, or press ? or * to list all spells.
You don't have enough magic to cast that spell.
It was a potion of cancellation.
Your magical effects are unravelling.
You feel magically purged.
Your magical contamination has completely faded away.
You feel less wooden.
Your cursed +0 cloak unmelds from your body.
Your +2 hat unmelds from your body.
Your +0 pair of gloves unmelds from your body.
Your +0 pair of boots unmelds from your body.
The +2 ring mail "Toupocaa" {rF+ Str+3} unmelds from your body.
You feel a little less mighty now.
You feel a little less clever now.
Your resistance to elements expires.
The merfolk is engulfed in a cloud of scalding steam.
The merfolk hits you but does no damage.
The water nymph points at you and mumbles some strange words.
The water swirls and strikes you!
You die...

≈≈≈≈≈≈≈≈≈≈≈≈≈≈≈
≈≈≈≈≈≈≈≈≈≈≈≈≈≈≈
≈≈≈≈≈≈≈≈≈≈≈≈≈≈≈
≈≈≈≈≈≈≈≈≈≈≈≈≈≈≈
≈≈≈≈≈≈≈≈≈≈≈≈≈≈≈
≈≈≈≈≈≈≈≈≈≈≈≈≈≈≈
≈≈≈≈≈≈≈≈≈§§≈≈≈≈≈≈≈≈≈≈≈
≈≈≈≈≈≈≈@§§≈≈≈≈≈≈≈≈≈≈≈≈≈
≈≈≈≈≈≈≈≈≈m§≈≈≈≈≈≈≈≈≈≈≈≈≈
≈≈≈≈≈≈≈≈§§§§≈≈≈≈≈≈≈≈≈≈≈≈
≈≈≈≈≈≈≈≈≈§§§≈≈≈≈≈≈≈≈≈≈≈≈
≈≈≈P≈≈(≈≈≈≈≈≈≈†≈≈≈≈≈≈≈≈≈
≈≈≈≈≈P≈P≈≈≈≈P≈≈..≈≈≈≈≈≈≈
≈≈≈≈≈≈≈≈m≈.>.....≈≈≈≈≈≈≈
≈≈≈P≈≈≈≈≈≈P..≈..≈≈≈≈≈≈≈.
P≈...≈≈..m≈≈≈§§§.


You could see a merfolk and a water nymph.

Vanquished Creatures
  Rupert (D:13)
  Frances (D:14)
  Roxanne (D:15)
  An ettin (Orc:2)
  Josephine (Lair:4)
  A great orb of eyes (shapeshifter) (D:15)
  The ghost of Jannitor the Cleaver, a journeyman HOSu of Beogh (D:10)
  3 merfolk impalers
  A vault guard (D:13)
  5 hydras
  2 rakshasas (D:15)
  A centaur warrior (D:15)
  4 catoblepae (Lair:6)
  10 two-headed ogres
  2 merfolk avatars (Shoals:1)
  A tengu warrior (D:15)
  2 ogre magi (Orc:2)
  9 death yaks
  Urug (D:10)
  A fire crab (Lair:6)
  A death drake (shapeshifter) (D:15)
  2 wizards (D:13)
  2 deep trolls (Orc:2)
  4 harpies (Shoals:1)
  2 unseen horrors
  3 ugly things
  9 manticores
  3 necromancers (D:13)
  3 cyclopes
  2 centaur zombies
  A deep elf mage (D:15)
  10 slime creatures
  7 elephants
  2 merfolk sirens (Shoals:1)
  4 black mambas
  Psyche (D:9)
  3 spiny frogs
  2 water nymphs
  An ice statue (Lair:2)
  8 komodo dragons
  2 rime drakes
  An efreet (D:15)
  2 kobold demonologists (D:10)
  An ice devil (Lair:2)
  5 polar bears
  4 merfolk
  A wind drake (Shoals:2)
  2 hornets (D:8)
  A queen bee (Lair:5)
  3 meliai (Lair:5)
  15 trolls
  20 blink frogs
  3 snapping turtles
  9 hippogriffs
  A shadow (D:15)
  A vampire (D:10)
  A spriggan (Lair:4)
  4 wyverns
  52 yaks
  6 fire bats (Volcano)
  5 wraiths
  2 basilisks
  17 humans (D:13)
  2 hungry ghosts
  A warg (Orc:2)
  11 porcupines
  20 water moccasins
  7 ice beasts
  16 orc warriors
  3 black bears
  An eye of draining (D:12)
  2 phantoms
  23 ogres
  10 wolves
  9 centaurs
  5 boggarts (D:15)
  8 crocodiles
  6 big kobolds (D:10)
  20 bullfrogs
  7 scorpions
  26 killer bees
  14 wights
  A howler monkey (D:9)
  7 crimson imps
  5 lava snakes (Volcano)
  A quasit (D:8)
  A bullfrog zombie (D:10)
  12 orc priests
  5 hounds
  2 bullfrog skeletons
  18 orc wizards
  Jessica (D:2)
  2 iguanas
  9 worker ants
  A killer bee zombie (D:8)
  2 hound zombies
  A hound skeleton (D:9)
  A worker ant zombie (D:7)
  6 gnolls
  14 adders
  4 river rats (D:5)
  A shadow imp (D:5)
  A white imp (Lair:2)
  4 worms
  2 dart slugs (D:1)
  5 leopard geckos
  68 orcs
  6 bats
  3 giant cockroaches
  12 hobgoblins
  6 jackals
  7 kobolds
  6 quokkas
  6 frilled lizards
  10 goblins
  A quokka skeleton (D:5)
  4 rats
  2 plants
705 creatures vanquished.

Vanquished Creatures (collateral kills)
  A porcupine (Lair:1)
1 creature vanquished.

Vanquished Creatures (others)
  A gargoyle (Volcano)
  A hound (D:9)
  3 bushes (Lair:6)
  50 fungi
  34 plants
89 creatures vanquished.

Grand Total: 795 creatures vanquished

Notes
Turn   | Place    | Note
-------+----------+-------------------------------------------
     0 | D:1      | D1HalberdGnoll the Deep Elf Conjurer began the quest for
                  | the Orb.
     0 | D:1      | Reached XP level 1. HP: 10/10 MP: 6/6
   289 | D:1      | Reached XP level 2. HP: 16/16 MP: 2/8
   432 | D:1      | Learned a level 2 spell: Searing Ray
   758 | D:1      | Reached XP level 3. HP: 20/20 MP: 6/9
  1310 | D:2      | Noticed Jessica
  1315 | D:2      | Killed Jessica
  1315 | D:2      | Reached skill level 1 in Fighting
  1315 | D:2      | Reached skill level 5 in Conjurations
  1382 | D:2      | Reached XP level 4. HP: 18/25 MP: 5/11
  1641 | D:2      | Noticed an orc warrior
  2314 | D:3      | Reached skill level 4 in Spellcasting
  2520 | D:3      | Learned a level 3 spell: Dazzling Spray
  2532 | D:3      | Reached XP level 5. HP: 29/29 MP: 9/13
  3232 | D:3      | Found a white marble altar of Elyvilon.
  3255 | D:3      | Found a stormy altar of Qazlal.
  3683 | D:3      | Reached skill level 1 in Shields
  3683 | D:3      | Reached XP level 6. HP: 35/35 MP: 7/14
  3839 | D:3      | Found an iron altar of Okawaru.
  4286 | D:4      | Reached skill level 5 in Spellcasting
  4529 | D:4      | Reached XP level 7. HP: 32/40 MP: 11/16
  4995 | D:5      | Entered Level 5 of the Dungeon
  5421 | D:5      | Noticed btonasse's ghost (novice TrCj)
  5424 | D:5      | Found a runed door.
  5605 | D:5      | Got a faintly glowing ring mail
  5680 | D:5      | Identified the +2 ring mail "Toupocaa" {rF+ Str+3} (You
                  | found it on level 5 of the Dungeon)
  5820 | D:5      | Found a shimmering altar of Xom.
  5929 | D:5      | Found a hazy altar of Hepliaklqana.
  5940 | D:5      | Found a sacrificial altar of Ru.
  5954 | D:5      | Found a hide-covered altar of Uskayaw.
  5998 | D:5      | Found a snail-covered altar of Cheibriados.
  6523 | D:6      | Found Qummegu's Magic Scroll Boutique.
  6688 | D:6      | Reached skill level 6 in Spellcasting
  6868 | D:6      | Reached skill level 1 in Hexes
  6868 | D:6      | Reached XP level 8. HP: 46/46 MP: 11/19
  9344 | D:7      | Learned a level 3 spell: Tukima's Dance
  9554 | D:7      | Found a staircase to the Ecumenical Temple.
  9614 | Temple   | Entered the Ecumenical Temple
  9863 | Temple   | Became a worshipper of Dithmenos the Shadowed
  9985 | D:7      | Found a bloodstained altar of Trog.
 10035 | D:7      | Found a blossoming altar of Fedhas.
 10200 | D:7      | Reached XP level 9. HP: 41/52 MP: 12/20
 10902 | D:8      | Noticed a two-headed ogre
 11217 | D:8      | Reached skill level 5 in Hexes
 11300 | D:8      | Reached skill level 10 in Conjurations
 11521 | D:8      | Reached * piety under Dithmenos
 11660 | D:8      | Learned a level 3 spell: Conjure Flame
 11665 | D:8      | Learned a level 4 spell: Sticky Flame
 11784 | D:8      | Killed a two-headed ogre
 11784 | D:8      | Reached skill level 5 in Fighting
 11784 | D:8      | Reached skill level 1 in Fire Magic
 11892 | D:8      | Paralysed by a hornet for 3 turns
 12294 | D:8      | Paralysed by a hornet for 2 turns
 12972 | D:9      | Reached XP level 10. HP: 59/59 MP: 14/21
 13141 | D:9      | Found a staircase to the Orcish Mines.
 13181 | D:9      | Reached skill level 5 in Dodging
 13232 | D:9      | Noticed Psyche
 13254 | D:9      | Killed Psyche
 14283 | D:9      | Found a staircase to the Lair.
 14298 | D:9      | Reached skill level 5 in Fire Magic
 14495 | D:9      | Learned a level 5 spell: Fireball
 14833 | D:10     | Entered Level 10 of the Dungeon
 15307 | D:10     | Found a runed gate.
 15307 | D:10     | Found a runed gate.
 15308 | D:10     | Noticed a cyclops
 15370 | Lair:1   | Entered Level 1 of the Lair of Beasts
 15428 | D:9      | Reached XP level 11. HP: 14/67 MP: 12/22
 15691 | Lair:1   | Reached ** piety under Dithmenos
 16663 | Lair:1   | Noticed a seven-headed hydra
 16765 | Lair:1   | Killed a seven-headed hydra
 17513 | Lair:2   | Noticed a six-headed hydra
 17517 | Lair:2   | Killed a six-headed hydra
 17517 | Lair:2   | Reached skill level 1 in Armour
 18047 | Lair:2   | Found a hole to the Spider Nest.
 18132 | Lair:2   | Found a staircase to the Shoals.
 18157 | Lair:2   | Reached skill level 7 in Spellcasting
 18611 | Lair:2   | Reached skill level 8 in Spellcasting
 19488 | Lair:2   | Reached XP level 12. HP: 75/75 MP: 20/26
 19520 | Lair:2   | Learned a level 1 spell: Apportation
 19893 | Lair:3   | Identified a scroll of acquirement
 20331 | Lair:3   | Reached skill level 9 in Spellcasting
 20620 | Lair:3   | Noticed an eight-headed hydra
 20650 | Lair:3   | Killed an eight-headed hydra
 21547 | Lair:4   | Reached *** piety under Dithmenos
 21626 | Lair:4   | Found a dark tunnel.
 21628 | Lair:4   | Noticed a four-headed hydra
 21631 | Volcano  | Entered a volcano
 22541 | Volcano  | Reached skill level 10 in Spellcasting
 22580 | Lair:4   | Killed a four-headed hydra
 22580 | Lair:4   | Reached skill level 5 in Armour
 23017 | Lair:4   | Found a sacrificial altar of Ru.
 23069 | Lair:3   | Reached skill level 10 in Fighting
 23375 | Lair:4   | Noticed Josephine
 24131 | Lair:4   | Killed Josephine
 25558 | Lair:5   | Found a viscous altar of Jiyva.
 25559 | Lair:5   | Found a staircase to the Slime Pits.
 25846 | Lair:5   | Reached XP level 13. HP: 84/84 MP: 23/29
 26001 | Lair:5   | Reached **** piety under Dithmenos
 27129 | Lair:6   | Entered Level 6 of the Lair of Beasts
 28270 | Lair:5   | Found a staircase to the Slime Pits.
 28270 | Lair:5   | Found a viscous altar of Jiyva.
 29131 | Lair:6   | Found a runed door.
 29441 | Lair:6   | Reached skill level 11 in Spellcasting
 30339 | Lair:6   | Reached skill level 1 in Invocations
 32176 | Lair:6   | Noticed siprus's ghost (journeyman DsAK)
 32475 | Lair:6   | Reached skill level 12 in Spellcasting
 32778 | Lair:6   | Reached XP level 14. HP: 63/91 MP: 1/32
 33465 | D:10     | Learned a level 5 spell: Lightning Bolt
 33627 | D:10     | Reached ***** piety under Dithmenos
 34232 | D:10     | Noticed Urug
 34247 | D:10     | Killed Urug
 34529 | D:10     | Found a runed gate.
 34532 | D:10     | Noticed Jannitor's ghost (journeyman HOSu)
 34876 | D:10     | Killed Jannitor's ghost
 35277 | D:11     | Reached skill level 5 in Invocations
 36008 | D:11     | Found Ugieg's Jewellery Emporium.
 36016 | D:11     | Bought the ring "Lodiej" {rPois rC++ AC+1} for 412 gold
                  | pieces
 36315 | D:12     | Found a labyrinth entrance.
 36599 | D:12     | Reached skill level 1 in Evocations
 36637 | D:12     | Found a glowing golden altar of the Shining One.
 36924 | D:13     | Noticed Rupert
 36999 | D:13     | Reached skill level 1 in Air Magic
 38300 | D:13     | Paralysed by Rupert for 5 turns
 38316 | D:13     | Killed Rupert
 38571 | D:13     | Reached skill level 13 in Spellcasting
 38669 | D:13     | Found a gate to the Vaults.
 39159 | D:14     | Found Vatusku's Jewellery Emporium.
 39275 | D:14     | Found Wopuo's Distillery.
 39276 | D:14     | Found Plog's Assorted Antiques.
 39284 | D:14     | Bought a scroll of teleportation for 105 gold pieces
 39311 | D:14     | Bought a potion of heal wounds for 60 gold pieces
 39311 | D:14     | Bought a potion of heal wounds for 60 gold pieces
 39380 | D:14     | Found Baetet's Magic Scroll Shop.
 39385 | D:14     | Bought a scroll of teleportation for 54 gold pieces
 39385 | D:14     | Bought a scroll of blinking for 135 gold pieces
 39464 | D:14     | Bought a scroll of identify for 36 gold pieces
 40072 | D:14     | Noticed Frances
 40081 | D:14     | Killed Frances
 40081 | D:14     | Reached skill level 10 in Dodging
 40196 | D:14     | Found a blossoming altar of Fedhas.
 40203 | D:14     | Found Fumim's Jewellery Boutique.
 40257 | D:15     | Entered Level 15 of the Dungeon
 40265 | D:15     | Noticed Roxanne
 41105 | D:15     | Paralysed by a great orb of eyes for 4 turns
 41545 | D:15     | Reached skill level 5 in Evocations
 41720 | D:15     | Noticed an entropy weaver
 41720 | D:15     | a minotaur changed into an entropy weaver
 42501 | D:15     | Reached XP level 15. HP: 97/97 MP: 20/34
 42594 | D:15     | Found a staircase to the Depths.
 43066 | D:15     | Killed Roxanne
 43068 | D:15     | Identified Roxanne's Papyrus of Stones (You took it off
                  | Roxanne on level 15 of the Dungeon)
 43321 | Orc:1    | Entered Level 1 of the Orcish Mines
 43342 | Orc:1    | Reached ****** piety under Dithmenos
 43575 | Orc:1    | Found a roughly hewn altar of Beogh.
 44027 | Orc:1    | Found a deep blue altar of Sif Muna.
 44171 | Orc:2    | Entered Level 2 of the Orcish Mines
 44186 | Orc:2    | Reached skill level 5 in Air Magic
 45020 | Orc:2    | Reached skill level 14 in Spellcasting
 45700 | Orc:2    | Found Kenymn's Food Boutique.
 45706 | Orc:2    | Found Rupem's Antique Armour Shoppe.
 45709 | Orc:2    | Bought a ration for 50 gold pieces
 45709 | Orc:2    | Bought a ration for 50 gold pieces
 45711 | Orc:2    | Found Nilofi Vogh's Jewellery Shop.
 45944 | Orc:2    | Found Yxor's Weapon Shop.
 46072 | Orc:2    | Bought a translucent leather armour for 189 gold pieces
 46072 | Orc:2    | Identified the +1 leather armour "Hyraq" {Str-3 Int+2
                  | Dex+2} (You bought it in a shop on level 2 of the Orcish
                  | Mines)
 46089 | Orc:2    | Bought the amulet of the Four Winds {rN+ MR+++ Clar} for
                  | 658 gold pieces
 46089 | Orc:2    | Found the amulet of the Four Winds {rN+ MR+++ Clar}
 46231 | Orc:2    | Found Ogaat's Jewellery Shop.
 46419 | Orc:2    | Found a staircase to the Elven Halls.
 46637 | Orc:2    | Learned a level 4 spell: Olgreb's Toxic Radiance
 46821 | Lair:2   | Got a smoking copper ring
 46889 | Shoals:1 | Entered Level 1 of the Shoals
 47123 | Lair:2   | Reached skill level 1 in Poison Magic
 48603 | Shoals:2 | Killed from afar by a water nymph

Skill      XL: |  1  2  3  4  5  6  7  8  9 10 11 12 13 14 15 |
---------------+----------------------------------------------+-----
Fighting       | 1 2 3 4 5 7 8 11 12 13 | 13.1
Dodging        | 3 4 5 8 10 11 | 11.4
Conjurations   | 5 6 7 9 11 12 13 | 13.0
Spellcasting   | 4 5 6 8 10 12 13 14 | 14.8
Shields        | 1 2 3 4 |  4.0
Hexes          | 1 4 5 |  5.0
Fire Magic     | 2 6 8 |  8.0
Armour         | 3 5 |  5.1
Invocations    | 4 5 |  5.0
Evocations     | 5 |  5.0
Air Magic      | 4 5 |  5.0
Poison Magic   | 4 |  4.2
Stealth        | |  2.4

Action                   |  1- 3 |  4- 6 |  7- 9 | 10-12 | 13-15 || total
-------------------------+-------+-------+-------+-------+-------++-------
Melee: Dagger            |       |     2 |   121 |    95 |       ||   218
       Staff             |       |       |       |     9 |    52 ||    61
Throw: Throwing net      |       |       |       |       |     1 ||     1
 Cast: Magic Dart        |    50 |   129 |   224 |   356 |   758 ||  1517
       Dazzling Spray    |       |     3 |    11 |    36 |    27 ||    77
       Searing Ray       |       |     8 |    41 |    57 |    15 ||   121
       Tukima's Dance    |       |       |     5 |     1 |       ||     6
       Conjure Flame     |       |       |     2 |    10 |     3 ||    15
       Sticky Flame      |       |       |     2 |    59 |   104 ||   165
       Fireball          |       |       |       |    42 |   167 ||   209
       Lightning Bolt    |       |       |       |       |   124 ||   124
Evoke: Wand              |       |       |     1 |    11 |    32 ||    44
       Staff of energy   |       |       |       |     2 |    15 ||    17
  Use: Scroll            |       |     7 |    14 |    11 |    27 ||    59
       Potion            |       |       |     2 |     4 |    20 ||    26
 Stab: Paralysed         |       |       |       |     1 |       ||     1
       Sleeping          |       |       |       |     1 |       ||     1
  Eat: Chunk             |     1 |     7 |    13 |    21 |    31 ||    73
       Ration            |       |     1 |     4 |     7 |    11 ||    23
Armor: Robe              |     2 |     4 |     1 |       |       ||     7
       Ring mail         |       |       |    28 |   112 |   170 ||   310
       Skin              |       |       |       |       |    10 ||    10
Dodge: Dodged            |     2 |    19 |    60 |   332 |   473 ||   886
Block: Buckler           |       |     2 |    25 |    81 |   141 ||   249
